 Dungeon Crawl Stone Soup version 0.26.1-10-gdfb7c7de75 (webtiles) character file.

Game seed: 13991001504877130071

120 raph the Firebug (level 4, -6/24 HPs)
             Began as a Deep Elf Fire Elementalist on Apr 2, 2021.
             Mangled by an orc warrior
             ... wielding a +0 trident
              (11 damage)
             ... on level 2 of the Dungeon.
             The game lasted 00:03:21 (1490 turns).

raph the Firebug (Deep Elf Fire Elementalist)       Turns: 1490, Time: 00:03:21

Health: -6/24      AC:  2    Str:  5    XL:     4   Next: 75%
Magic:  5/11       EV: 13    Int: 21    God:
Gold:   77         SH:  0    Dex: 15    Spells: 2/10 levels left

rFire    + . .     SeeInvis .   (no weapon)
rCold    + . .     Faith    +   (no shield)
rNeg     . . .     Spirit   .   a - +0 robe
rPois    .         Reflect  .   (no helmet)
rElec    .         Harm     .   f - scarf {rC+ rF+}
rCorr    .         Rampage  .   (no gloves)
Will     .....                  (no boots)
Stlth    ++........             c - amulet of faith
HPRegen  0.08/turn              (no ring)
MPRegen  0.12/turn              (no ring)

@: no status effects
A: no striking features
a: no special abilities


You were on level 2 of the Dungeon.
You visited 1 branch of the dungeon, and saw 2 of its levels.

You collected 77 gold pieces.

Inventory:

Armour
 a - a +0 robe (worn)
 f - a scarf of resistance (worn)
Jewellery
 c - an amulet of faith (around neck)
Scrolls
 b - 2 scrolls of identify {unknown}
 e - a scroll of immolation {unknown}
Potions
 d - a potion of cancellation {unknown}


   Skills:
 - Level 3.0 Dodging
 - Level 3.3 Stealth
 - Level 3.5 Spellcasting
 * Level 3.0 Conjurations
 * Level 4.3 Fire Magic


You had 2 spell levels left.
You knew the following spells:

 Your Spells              Type           Power        Failure   Level
a - Foxfire               Conj/Fire      76%          2%          1
b - Conjure Flame         Conj/Fire      19%          9%          3
c - Sticky Flame          Conj/Fire      19%          28%         4

Your spell library contained the following spells:

 Spells                   Type           Power        Failure   Level
 Inner Flame              Hex/Fire       12%          16%         3
 Fireball                 Conj/Fire      9%           61%         5


Dungeon Overview and Level Annotations

Branches:
Dungeon (2/15)

Altars:
Makhleb


Message History

Unknown command.
The foxfire hits the orc warrior but does no damage. x2
Found a hand axe.
Casting: Foxfire (safe; 2% risk of failure)
Confirm with . or Enter, or press ? or * to list all spells.
You conjure some foxfire!
The orc warrior barely misses you.
Casting: Foxfire (safe; 2% risk of failure)
Confirm with . or Enter, or press ? or * to list all spells.
You conjure some foxfire!
The foxfire hits the orc warrior.
The orc warrior is lightly wounded.
The foxfire hits the orc warrior!
The orc warrior is moderately wounded.
The orc warrior hits you from afar with a +0 trident!
Ouch! That really hurt!
* * * LOW HITPOINT WARNING * * *
Your foxfire dissipates!
The foxfire hits the orc warrior.
The orc warrior is moderately wounded.
The orc warrior hits you from afar with a +0 trident!
You die...

#.# #####.# #...#.# ######## ###
##.#.#.# ........ ..####....#.#
#######. #.###.#.#....#.#####
#########' ...).....o.o.o.....#
.......... .#####.#.##.#.###.#
#####.... #########.#.##.#@# #.#
#.... ..........#.##.#.###....#
#....
.................................
..........#....#.############....
####...#..######.# #.......
####...#.........#########.#.....
.....).................)...#.....
#....#....##.#####.######..+.....
#.##.#.#..##.# #.# #..#.....


You could see an orc warrior.

Vanquished Creatures
  An orc wizard (D:2)
  Jessica (D:2)
  Terence (D:1)
  A gnoll (D:1)
  A worm (D:2)
  A dart slug (D:1)
  A leopard gecko (D:2)
  4 giant cockroaches
  3 hobgoblins (D:1)
  A kobold (D:1)
  A quokka (D:2)
  3 bats
  A frilled lizard (D:1)
  2 goblins (D:2)
  4 rats
26 creatures vanquished.

Vanquished Creatures (others)
  126 foxfires
126 creatures vanquished.

Grand Total: 152 creatures vanquished

Notes
Turn   | Place    | Note
-------+----------+-------------------------------------------
     0 | D:1      | raph the Deep Elf Fire Elementalist began the quest for the
                  | Orb.
     0 | D:1      | Reached XP level 1. HP: 10/10 MP: 6/6
   238 | D:1      | Reached XP level 2. HP: 15/15 MP: 4/8
   904 | D:2      | Reached XP level 3. HP: 13/19 MP: 4/9
  1015 | D:2      | Learned a level 3 spell: Conjure Flame
  1120 | D:2      | Noticed Terence
  1147 | D:1      | Killed Terence
  1276 | D:2      | Found a burning altar of Makhleb.
  1338 | D:2      | Noticed Jessica
  1343 | D:2      | Killed Jessica
  1344 | D:2      | Reached skill level 4 in Fire Magic
  1344 | D:2      | Reached XP level 4. HP: 24/24 MP: 6/11
  1390 | D:2      | Learned a level 4 spell: Sticky Flame
  1467 | D:2      | Noticed an orc warrior
  1490 | D:2      | Mangled by an orc warrior

Illustrated notes

Levels and vault maps discovered:
D:1:      sevenhm_arrival_forest_fort_large_4, layout_rooms, serial_glass,
          glass_columns_a, glass_columns_a
D:2:      layout_basic, nicolae_overflow_crystal_walls,
          amethyst_overflow_temple_binary, uniq_jessica, uniq_terence

Skill      XL: |  1  2  3  4 |
---------------+-------------+-----
Conjurations   | 2 3 |  3.0
Stealth        | 3 |  3.3
Dodging        | 3 |  3.0
Fire Magic     | 4 |  4.3
Spellcasting   | |  3.5

Action                   |  1- 3 |  4- 6 || total
-------------------------+-------+-------++-------
Melee: Unarmed           |     4 |       ||     4
 Cast: Foxfire           |    58 |    13 ||    71
Armor: Robe              |     1 |       ||     1
Dodge: Dodged            |    13 |     1 ||    14
